 Dungeon Crawl Stone Soup version 0.29.0-13-gc9e81de378 (webtiles) character file.

Game seed: 93121480711059346

226 SnakkuSnakku7 the Chucker (level 6, -22/59 HPs)
             Began as an Ogre Enchanter on Sept 7, 2022.
             Annihilated by an ogre
             ... wielding a +0 giant club
              (29 damage)
             ... on level 4 of the Dungeon.
             The game lasted 00:05:17 (4748 turns).

SnakkuSnakku7 the Chucker (Ogre Enchanter)          Turns: 4748, Time: 00:05:18

Health: -22/59     AC:  6    Str: 13    XL:     6   Next: 1%
Magic:  0/0        EV: 10    Int: 16    God:
Gold:   130        SH:  0    Dex: 11    Spells: 9/9 levels left

rFire   . . .      SeeInvis .   a - +1 mace (vorpal)
rCold   + . .      Faith    .   (no shield)
rNeg    . . .      Spirit   +   b - +0 robe
rPois   .          Reflect  .   (helmet restricted)
rElec   .          Harm     .   w - +2 cloak of the Snake Pit {Rampage Will+++ rCorr MP-9}
rCorr   +          Rampage  +   (gloves unavailable)
Will    +++..                   (boots unavailable)
Stlth   ++........              q - amulet of guardian spirit
HPRegen 0.19/turn               h - ring of wizardry
MPRegen 0.07/turn               m - ring of protection from cold

@: about to teleport
A: large, unfitting armour, tough skin 1
a: no special abilities


You were on level 4 of the Dungeon.
You visited 1 branch of the dungeon, and saw 4 of its levels.

You collected 130 gold pieces.

Inventory:

Hand Weapons
 a - a +1 vorpal mace (weapon)
 g - a +2 dagger of speed
 n - a +0 morningstar
 u - a +1 dagger
Missiles
 j - 10 poisoned darts (quivered)
Armour
 b - a +0 robe (worn)
 w - the +2 cloak of the Snake Pit (worn) {Rampage Will+++ rCorr MP-9}
   (You found it on level 3 of the Dungeon)

   MP:        It affects your magic capacity (-9).
   rCorr:     It protects you from acid and corrosion.
   Rampage:   It bestows one free step when moving towards enemies.
   Will:      It greatly increases your willpower.
Jewellery
 h - a ring of wizardry (left hand)
 m - a ring of protection from cold (right hand)
 q - an amulet of guardian spirit (around neck)
Wands
 y - a wand of flame (24)
Scrolls
 d - a scroll of torment {unknown}
 e - a scroll of teleportation
 f - a scroll of vulnerability {unknown}
 i - a scroll of fog
 t - a scroll of enchant armour {unknown}
 x - 3 scrolls of magic mapping
Potions
 c - 2 potions of invisibility
 k - 3 potions of attraction {unknown}
 l - 2 potions of curing {unknown}
 o - a potion of flight {unknown}
 p - a potion of might
 r - a potion of brilliance
 s - a potion of lignification {unknown}
 v - a potion of ambrosia
 z - a potion of berserk rage
 A - a potion of heal wounds {unknown}


   Skills:
 - Level 2.6 Fighting
 - Level 0.8 Short Blades
 + Level 2.0 Maces & Flails
 + Level 4.4 Throwing
 - Level 1.7 Dodging
 - Level 2.1 Stealth
 - Level 2.4 Spellcasting
 - Level 2.6 Hexes


You had 9 spell levels left.
You didn't know any spells.
Your spell library contained the following spells:

 Spells                   Type           Power      Damage    Failure   Level
 Ensorcelled Hibernation  Hex/Ice        12%        N/A       7%          2
 Confusing Touch          Hex            10%        N/A       9%          3
 Tukima's Dance           Hex            10%        N/A       9%          3
 Dazzling Flash           Conj/Hex       12%        N/A       14%         3
 Frozen Ramparts          Ice            2%         1d1       24%         3
 Ice Form                 Ice/Tmut       1%         N/A       58%         4
 Summon Ice Beast         Ice/Summ       1%         N/A       58%         4


Dungeon Overview and Level Annotations

Branches:
Dungeon (4/15)
 Temple: D:4-7

Altars:
Makhleb
Sif Muna
Wu Jian


Innate Abilities, Weirdness & Mutations

You are too large for most types of armour.
You have tough skin. (AC +1)


Message History

y - a scroll of identify A goblin comes into view.
It is wielding a +0 dagger.
As you read the scroll of identify, it crumbles to dust.
z - a potion of berserk rage The goblin shouts!
You rampage towards the goblin!
You hit the goblin.
The goblin is heavily wounded.
The goblin hits you with a +0 dagger. The goblin hits you but does no damage.
You hit the goblin.
You kill the goblin!
No target in view!
Found a scroll of identify.
You see here a +0 dagger.
B - a fizzy black potion
Found a stone staircase leading down.
y - a scroll of identify
As you read the scroll of identify, it crumbles to dust.
B - a potion of degeneration You drop a potion of degeneration.
y - a wand of flame (24)
An iguana comes into view.
Found a blackened bronze amulet.
An ogre comes into view. It is wielding a +0 giant club.
You rampage towards the iguana!
A kobold comes into view. It is wielding a +0 club.
The ogre shouts!
The kobold shouts!
The iguana hisses angrily.
You rampage towards the iguana!
Found a flail.
You barely miss the iguana. The iguana closely misses you.
You barely miss the iguana. The iguana closely misses you.
You hit the iguana.
The iguana is moderately wounded.
The iguana bites you!
The ogre hits you with a +0 giant club!!
The iguana bites you.
As you read the scroll of teleportation, it crumbles to dust.
You feel strangely unstable. The ogre hits you with a +0 giant club!
* * * LOW HITPOINT WARNING * * *
The ogre attacks as you move away!
The ogre hits you with a +0 giant club!!
You die...

...##.# ##.#######.
...# # ## #.# ...#
.. #.# (..# #. #.#
...# #. #.# ...# #
#. #.# ...# .## #.
#.#
..##.....####.####.#
............"KlO@..#
..##.....####.######
......... ..)
..#####.. ####
......... ........
#.#####. .# .#


You could see an ogre, an iguana and a kobold.

Vanquished Creatures
  A bullfrog (D:4)
  An orc wizard (D:3)
  Robin (D:2)
  3 adders
  A worm (D:2)
  2 dart slugs
  4 orcs
  4 endoplasms
  6 giant cockroaches
  16 goblins
  10 hobgoblins
  7 kobolds
  5 quokkas
  7 ball pythons
  9 bats
  4 frilled lizards
  7 rats
88 creatures vanquished.

Vanquished Creatures (others)
  A plant (D:1)
1 creature vanquished.

Grand Total: 89 creatures vanquished

Notes
Turn   | Place    | Note
-------+----------+-------------------------------------------
     0 | D:1      | SnakkuSnakku7 the Ogre Enchanter began the quest for the
                  | Orb.
     0 | D:1      | Reached XP level 1. HP: 16/16 MP: 3/3
    74 | D:1      | Reached skill level 1 in Fighting
   216 | D:1      | Reached XP level 2. HP: 8/28 MP: 5/5
   832 | D:1      | Reached skill level 1 in Throwing
   970 | D:1      | Reached XP level 3. HP: 34/36 MP: 6/6
  1367 | D:2      | You fall into a shaft and drop 1 floor!
  1435 | D:3      | Found a burning altar of Makhleb.
  1473 | D:3      | Reached skill level 2 in Throwing
  1475 | D:3      | HP: 1/36 [poisoned by an adder]
  1980 | D:2      | Reached XP level 4. HP: 17/44 MP: 7/7
  2195 | D:2      | Noticed Robin
  2271 | D:2      | Reached skill level 3 in Throwing
  2280 | D:2      | Killed Robin
  2673 | D:2      | Found an ornate altar of the Wu Jian Council.
  2844 | D:2      | Found a faded altar of an unknown god.
  2844 | D:2      | Noticed a balrug
  2969 | D:3      | Found a shimmering blue altar of Sif Muna.
  2988 | D:3      | Identified the +2 cloak of the Snake Pit {Rampage Will+++
                  | rCorr MP-9}
  3234 | D:3      | Reached XP level 5. HP: 50/50 MP: 0/8
  3891 | D:3      | Reached skill level 1 in Maces & Flails
  4041 | D:4      | Reached skill level 4 in Throwing
  4397 | D:4      | Reached XP level 6. HP: 37/59 MP: 0/9
  4525 | D:4      | Noticed a water moccasin
  4748 | D:4      | Annihilated by an ogre

Illustrated notes

Levels and vault maps discovered:
D:1:      minmay_arrival_stair_chambers, layout_basic, serial_bayou_pond_a
D:2:      layout_rooms, basic_altar, dreamdust_ecumenical_altar_sealed_demon,
          minmay_increasing_density, uniq_robin
D:3:      layout_basic, mainiacjoe_overflow_paths, lemuel_tele_altar
D:4:      layout_loops_ring

Skill      XL: |  1  2  3  4  5 |
---------------+----------------+-----
Fighting       | 2 |  2.6
Throwing       | 1 2 3 4 |  4.4
Maces & Flails | 2 |  2.0
Short Blades   | |  0.8
Dodging        | |  1.7
Stealth        | |  2.1
Spellcasting   | |  2.4
Hexes          | |  2.6

Action                   |  1- 3 |  4- 6 || total
-------------------------+-------+-------++-------
Melee: Dagger            |   200 |    98 ||   298
       Punch             |     2 |     4 ||     6
       Mace              |       |   107 ||   107
Throw: Dart              |     7 |       ||     7
  Use: Scroll            |       |    10 ||    10
 Stab: Sleeping          |     2 |     3 ||     5
Armor: Robe              |    54 |    58 ||   112
Dodge: Dodged            |    95 |    93 ||   188
